 Dungeon Crawl Stone Soup version 0.23.2-1-ga50397a (webtiles) character file.

Game seed: 10600074668144954355

2737 Fang the Skirmisher (level 9, -1/88 HPs)
             Began as a Gargoyle Berserker on Apr 25, 2019.
             Was a Priest of Trog.
             Slain by a vampire (6 damage)
             ... on level 7 of the Dungeon.
             The game lasted 00:08:59 (6918 turns).

Fang the Skirmisher (Gargoyle Berserker)            Turns: 6918, Time: 00:09:00

Health: -1/88      AC: 12    Str: 29    XL:     9   Next: 67%
Magic:  9/9        EV: 14    Int:  8    God:    Trog [***...]
Gold:   281        SH:  0    Dex:  9    Spells: 8/8 levels left

rFire    . . .     SeeInvis .   a - +0 war axe
rCold    . . .     Gourm    +   (no shield)
rNeg     + . .     Faith    .   b - +0 animal skin
rPois    ∞         Spirit   .   u - +2 helmet
rElec    +         Reflect  .   (no cloak)
rCorr    +         Harm     .   (no gloves)
MR       .....                  (no boots)
Stlth    ..........             x - amulet of the gourmand
HPRegen  0.24/turn              t - ring of resist corrosion
MPRegen  0.11/turn              (no ring)

@: berserking, very quick
A: negative energy resistance 1, electricity resistance, unbreathing,
petrification resistance, rot immunity, AC +6
a: Berserk, Trog's Hand, Renounce Religion


You were on level 7 of the Dungeon.
You worshipped Trog.
Trog was most pleased with you.
You were very full.

You visited 2 branches of the dungeon, and saw 8 of its levels.

You collected 281 gold pieces.

Inventory:

Hand Weapons
 a - a +0 war axe (weapon)
Armour
 b - a +0 animal skin (worn)
 u - a +2 helmet (worn)
Jewellery
 t - a ring of resist corrosion (left hand)
 x - an amulet of the gourmand (around neck)
Wands
 o - a wand of polymorph (1)
Scrolls
 d - 4 scrolls of fog {unknown}
 e - a scroll of immolation {unknown}
 h - 2 scrolls of teleportation {unknown}
 j - 5 scrolls of remove curse {unknown}
 k - 4 scrolls of identify {unknown}
 l - 2 scrolls of enchant weapon {unknown}
 q - 2 scrolls of blinking {unknown}
 w - a scroll of magic mapping {unknown}
 y - a scroll of enchant armour {unknown}
Potions
 f - 3 potions of curing {unknown}
 g - 2 potions of invisibility {unknown}
 m - a potion of lignification {unknown}
 n - a potion of agility {unknown}
 p - a potion of magic {unknown}
 r - a potion of brilliance {unknown}
 s - 2 potions of heal wounds {unknown}
 v - a potion of might {unknown}
Comestibles
 c - 9 rations
 i - 4 chunks of flesh


   Skills:
 + Level 7.9 Fighting
 + Level 6.4 Axes
 + Level 7.4 Armour
 + Level 5.6 Dodging


You had 8 spell levels left.
You didn't know any spells.
Your spell library was empty.

Dungeon Overview and Level Annotations

Branches:
Dungeon (7/15)             Temple (1/1) D:5

Altars:
Kikubaaqudgha
Nemelex Xobeh
Sif Muna
Trog
Zin
The Shining One


Innate Abilities, Weirdness & Mutations

You are resistant to torment.
Your stone body is resilient. (AC +6)
You are immune to poison.
You resist negative energy. (rN+)
You are resistant to electric shocks. (rElec)
You can survive without breathing.
You are immune to petrification.
You are immune to rotting.


Message History

Something bites you.
* * * LOW HITPOINT WARNING * * *
The scorpion misses you.
You hit something. You slash the hippogriff! You slash the scorpion!
The hippogriff bites you but does no damage.
The hippogriff pecks you.
* * * LOW HITPOINT WARNING * * *
The hippogriff barely misses you. Something hits you.
* * * LOW HITPOINT WARNING * * *
Something bites you.
* * * LOW HITPOINT WARNING * * *
You hit something but do no damage. You closely miss the scorpion.
You hit the hippogriff. The scorpion stings you.
* * * LOW HITPOINT WARNING * * *
The hippogriff misses you. The hippogriff pecks you.
* * * LOW HITPOINT WARNING * * *
The hippogriff claws you.
* * * LOW HITPOINT WARNING * * *
Something hits you but does no damage. Something bites you.
You die...

..........# #.#
..#.......# #.#
..........# #.#
.....>...## ##.#
........## #####..#
.....<######....[.#
.......
.......†.####
......
###.........#
....## #...{@.##.#
...... ......sH## #
...... #......##
#....# ....$..
(..### ....... .###
....... ## .......
# ....... #


You could see a hippogriff and a scorpion.

Vanquished Creatures
  Sigmund (D:2)
  Eustachio (D:4)
  Duvessa (D:4)
  A sky beast (D:6)
  A black bear (D:7)
  A necrophage (D:6)
  An ice beast (D:7)
  An ogre (D:7)
  A centaur (D:5)
  7 bullfrogs
  Dowan (D:4)
  3 wights (D:7)
  A howler monkey (D:4)
  A crimson imp (D:6)
  4 hounds
  2 jellies (D:5)
  3 orc priests
  2 bullfrog skeletons
  2 orc wizards
  Jessica (D:3)
  7 iguanas
  9 worker ants
  A howler monkey zombie (D:7)
  Robin (D:2)
  A worker ant zombie (D:5)
  A gnoll (D:1)
  12 adders
  A howler monkey skeleton (D:6)
  2 oozes
  An adder skeleton (D:5)
  3 dart slugs
  5 leopard geckos
  23 orcs
  9 bats
  4 giant cockroaches
  15 goblins
  13 hobgoblins
  4 jackals
  3 quokkas
  8 frilled lizards
  A jackal skeleton (D:4)
  9 kobolds
  A leopard gecko zombie (D:7)
  2 quokka skeletons
  7 rats
179 creatures vanquished.

Vanquished Creatures (others)
  An orc wizard (D:4)
  An orc (D:3)
2 creatures vanquished.

Grand Total: 181 creatures vanquished

Notes
Turn   | Place    | Note
-------+----------+-------------------------------------------
     0 | D:1      | Fang the Gargoyle Berserker began the quest for the Orb.
     0 | D:1      | Reached XP level 1. HP: 14/14 MP: 1/1
    43 | D:1      | HP: 1/21 [gnoll/+0 spear (5)]
    45 | D:1      | Reached XP level 2. HP: 2/19 MP: 2/2
   574 | D:1      | Reached XP level 3. HP: 21/23 MP: 3/3
  1327 | D:1      | Reached ** piety under Trog
  1494 | D:2      | Noticed Robin
  1501 | D:2      | Reached XP level 4. HP: 27/29 MP: 4/4
  1514 | D:2      | Killed Robin
  1631 | D:2      | Found a sparkling altar of Nemelex Xobeh.
  1993 | D:2      | Found a bloodstained altar of Trog.
  1994 | D:2      | Noticed Sigmund
  2037 | D:2      | Killed Sigmund
  2037 | D:2      | Reached XP level 5. HP: 31/34 MP: 5/5
  2037 | D:2      | Reached XP level 6. HP: 35/39 MP: 6/6
  2517 | D:3      | Found a glowing silver altar of Zin.
  2622 | D:3      | Reached *** piety under Trog
  2670 | D:3      | Noticed Jessica
  2679 | D:3      | Killed Jessica
  3095 | D:4      | Found an ancient bone altar of Kikubaaqudgha.
  3126 | D:4      | Reached skill level 5 in Fighting
  3126 | D:4      | Reached XP level 7. HP: 33/44 MP: 7/7
  3379 | D:4      | Noticed Eustachio
  3407 | D:4      | Killed Eustachio
  3543 | D:4      | Found a sparkling altar of Nemelex Xobeh.
  3671 | D:4      | Noticed Dowan
  3680 | D:4      | Killed Dowan
  3682 | D:4      | Reached skill level 5 in Armour
  3810 | D:4      | Noticed Duvessa
  3820 | D:4      | HP: 2/67 [Duvessa/+0 short sword (8)]
  3823 | D:4      | Killed Duvessa
  3823 | D:4      | Reached XP level 8. HP: 3/51 MP: 8/8
  4269 | D:5      | Entered Level 5 of the Dungeon
  4373 | D:5      | Reached **** piety under Trog
  4412 | D:5      | Reached skill level 5 in Axes
  4476 | D:5      | Found a staircase to the Ecumenical Temple.
  4489 | Temple   | Entered the Ecumenical Temple
  5263 | D:6      | Found a deep blue altar of Sif Muna.
  5368 | D:6      | Found a glowing golden altar of the Shining One.
  5416 | D:6      | Reached XP level 9. HP: 39/56 MP: 9/9
  5970 | D:6      | Reached skill level 5 in Dodging
  6918 | D:7      | Slain by a vampire

Skill      XL: |  1  2  3  4  5  6  7  8  9 |
---------------+----------------------------+-----
Axes           | 3 4 5 6 |  6.4
Dodging        | 2 3 4 5 |  5.6
Armour         | 3 4 5 6 7 |  7.4
Fighting       | 4 5 6 7 |  7.9

Action                   |  1- 3 |  4- 6 |  7- 9 || total
-------------------------+-------+-------+-------++-------
Melee: Hand axe          |   146 |    72 |       ||   218
       Unarmed           |       |     8 |       ||     8
       War axe           |       |    71 |   368 ||   439
Invok: Berserk           |     1 |     4 |     4 ||     9
 Stab: Sleeping          |       |     2 |     1 ||     3
  Eat: Chunk             |     3 |     8 |    29 ||    40
Armor: Animal skin       |    62 |    89 |   238 ||   389
Dodge: Dodged            |   108 |   165 |   366 ||   639
